 Dungeon Crawl Stone Soup version 0.29.1-2-gbd0b4ee654 (webtiles) character file.

Game seed: 18211945370118811155

1529 croobank the Caller (level 8, -2/54 HPs)
             Began as an Octopode Summoner on Nov 8, 2022.
             Was an Initiate of Gozag.
             Slain by an ice beast (12 damage)
             ... on level 5 of the Dungeon.
             The game lasted 00:21:39 (7661 turns).

croobank the Caller (Octopode Summoner)             Turns: 7661, Time: 00:21:40

Health: -2/54      AC:  1    Str:  7    XL:     8   Next: 85%
Magic:  4/14       EV: 14    Int: 23    God:    Gozag
Gold:   549        SH:  5    Dex: 10    Spells: 3/16 levels left

rFire   . . .      SeeInvis .   f - +1 whip of Tytzeos {chaos, rElec Int+4 Dex-3 Stlth+}
rCold   . . .      Faith    .   (no shield)
rNeg    . . .      Spirit   .   (helmet restricted)
rPois   .          Reflect  +   s - amulet of reflection
rElec   +          Harm     .   (no ring)
rCorr   .          Rampage  .   (no ring)
Will    .....                   (no ring)
Stlth   +++++.....              (no ring)
HPRegen 0.18/turn               (no ring)
MPRegen 0.14/turn               (no ring)
                                (no ring)
                                (no ring)

@: no status effects
A: almost no armour, amphibious, 8 rings, camouflage 1, gelatinous body 1,
(nimble swimmer 1), tentacles
a: Renounce Religion, Potion Petition, Call Merchant, Bribe Branch


You were on level 5 of the Dungeon.
You worshipped Gozag.
Gozag was pleased with you.
You visited 2 branches of the dungeon, and saw 6 of its levels.

You collected 620 gold pieces.
You paid 71 gold pieces to Gozag.

Inventory:

Hand Weapons
 b - a +0 sling
 f - the +1 whip of Tytzeos (weapon) {chaos, rElec Int+4 Dex-3 Stlth+}
   (You found it on level 3 of the Dungeon)

   Each time it hits an enemy it has a different, random effect.
   Int:       It affects your intelligence (+4).
   Dex:       It affects your dexterity (-3).
   rElec:     It insulates you from electricity.
   Stlth:     It makes you more stealthy.
 m - a +0 scythe
 q - a +1 morningstar
 r - a +2 spear
Missiles
 h - a boomerang of dispersal
Jewellery
 g - a ring of ice
 s - an amulet of reflection (around mantle)
Wands
 e - a wand of acid (5)
Scrolls
 a - a scroll of teleportation
 p - a scroll of immolation
 v - a scroll of poison {unknown}
 w - 3 scrolls of identify
Potions
 c - a potion of cancellation
 d - 3 potions of attraction
 i - a potion of curing
 j - 2 potions of heal wounds {unknown}
 k - a potion of resistance {unknown}
 l - a potion of might
 n - a potion of ambrosia {unknown}
 o - 2 potions of degeneration {unknown}
 t - a potion of flight {unknown}
 u - a potion of lignification {unknown}


   Skills:
 + Level 3.8 Fighting
 + Level 4.9 Dodging
 - Level 5.0 Stealth
 + Level 4.5 Spellcasting
 + Level 2.7 Hexes
 + Level 5.9 Summonings
 + Level 2.6 Air Magic
 + Level 3.6 Poison Magic


You had 3 spell levels left.
You knew the following spells:

 Your Spells              Type           Power      Damage    Failure   Level
a - Summon Small Mammal   Summ           100%       N/A       1%          1
b - Call Imp              Summ           32%        N/A       1%          2
c - Call Canine Familiar  Summ           32%        N/A       2%          3
d - Summon Guardian Gole  Hex/Summ       25%        N/A       4%          3
e - Summon Lightning Spi  Summ/Air       24%        N/A       17%         4

Your spell library contained the following spells:

 Spells                   Type           Power      Damage    Failure   Level
 Slow                     Hex            68%        N/A       3%          1
 Sting                    Tmut/Pois      52%        1d5       4%          1
 Poisonous Vapours        Pois/Air       38%        N/A       4%          2
 Olgreb's Toxic Radiance  Pois           21%        N/A       22%         4


Dungeon Overview and Level Annotations

Branches:
Dungeon (5/15)             Temple (1/1) D:4

Altars:
Ashenzari
Cheibriados
Dithmenos
Elyvilon
Fedhas
Gozag
Kikubaaqudgha
Makhleb
Nemelex Xobeh
Okawaru
Qazlal
Sif Muna
Trog
Uskayaw
Vehumet
Wu Jian
Yredelemnul
Zin
The Shining One


Innate Abilities, Weirdness & Mutations

You cannot wear most types of armour.
You are amphibious.
You can wear up to eight rings at the same time.
Your skin changes colour to match your surroundings (Stealth+).
Your rubbery body absorbs attacks. (AC +1, EV +1)
((You are camouflaged when in or above water. (Stealth+)))
You have tentacles for arms and can constrict up to eight enemies at once.


Message History

Press: ? - help, Dir - move target, f/p - ice beast
Aim: an ice beast (almost dead, not watching you, ally target) Attack!
The ice beast hits your guardian golem but does no damage.
What are your orders? t - Shout!
Orders for allies: a - Attack new target. p - Attack previous target. r - Retreat! s - Stop attacking. g - Guard the area. f - Follow me.
Anything else - Cancel.
Gang up on whom?
Press: ? - help, Dir - move target, f/p - ice beast
Aim: an ice beast (almost dead, not watching you, ally target) Attack!
The ice beast hits your guardian golem but does no damage.
What are your orders? t - Shout!
Orders for allies: a - Attack new target. p - Attack previous target. r - Retreat! s - Stop attacking. g - Guard the area. f - Follow me.
Anything else - Cancel.
Gang up on whom?
Press: ? - help, Dir - move target, f/p - ice beast
Aim: an ice beast (almost dead, not watching you, ally target) Attack!
Your guardian golem disappears in a puff of smoke!
The ice beast hits you. The ice beast freezes you!
You closely miss something. The ice beast barely misses you.
Something hits you. Something hits you. The ice beast hits you.
The ice beast freezes you! Something hits you.
* * * LOW HITPOINT WARNING * * *
Casting: Summon Small Mammal (safe; 1% risk of failure)
Confirm with . or Enter, or press ? or * to list all spells.
A guardian golem appears, shielding your allies.
The ice beast hits you.
* * * LOW HITPOINT WARNING * * *
The ice beast freezes you!
You die...
Your body crumbles into a pile of gold.

..(..##...............
...#.................#
....###..##...###....#
....###....##.##...[.##.
.......................
.....................##
...............#......##
...#...........Y9.......
..##...........#@...###
############w..##.....#
#$### #)...# #.$# ....#
. #.... ...# ##....
...... ...# ......
........ ..#
#.............. ###
.............


You could see an ice beast and a friendly guardian golem (summoned).

Vanquished Creatures
  A scorpion (D:5)
  4 hounds
  A gnoll bouda (D:5)
  An orc priest (D:5)
  An orc wizard (D:5)
  7 gnolls
  2 adders
  A white imp (D:3)
  An ufetubus (D:4)
  A worm (D:3)
  2 dart slugs (D:1)
  5 orcs
  3 endoplasms (D:1)
  3 giant cockroaches
  5 goblins
  A hobgoblin (D:1)
  4 quokkas
  A ball python (D:4)
  3 bats
  A frilled lizard (D:1)
  3 kobolds
  3 rats
54 creatures vanquished.

Vanquished Creatures (collateral kills)
  Sigmund (D:2)
  2 ogres (D:4)
  A phantom (D:4)
  Dowan (D:4)
  A jelly (D:2)
  2 orc priests
  Robin (D:4)
  6 gnolls
  2 adders (D:2)
  A shadow imp (D:5)
  2 ufetubi
  A worm (D:4)
  A dart slug (D:1)
  8 orcs
  4 ball pythons
  4 endoplasms
  A giant cockroach (D:1)
  12 goblins
  2 hobgoblins
  2 quokkas
  5 bats
  A frilled lizard (D:1)
  A kobold (D:1)
  2 rats (D:2)
64 creatures vanquished.

Vanquished Creatures (others)
  Edmund (D:4)
  Duvessa (D:4)
  Blork the orc (D:4)
  A scorpion (D:5)
  A gnoll bouda (D:5)
  2 gnolls (D:5)
  An ufetubus (D:5)
8 creatures vanquished.

Grand Total: 126 creatures vanquished

Notes
Turn   | Place    | Note
-------+----------+-------------------------------------------
     0 | D:1      | croobank the Octopode Summoner began the quest for the Orb.
     0 | D:1      | Reached XP level 1. HP: 11/11 MP: 3/3
    91 | D:1      | Reached XP level 2. HP: 11/17 MP: 3/5
   214 | D:1      | Learned a level 2 spell: Call Imp
   401 | D:1      | Reached XP level 3. HP: 21/21 MP: 2/6
   405 | D:1      | Learned a level 3 spell: Call Canine Familiar
  1067 | D:1      | Found a faded altar of an unknown god.
  1740 | D:2      | Found an ancient bone altar of Kikubaaqudgha.
  1912 | D:2      | Reached XP level 4. HP: 22/27 MP: 4/7
  2360 | D:2      | Noticed Sigmund
  2368 | D:2      | Killed Sigmund
  2369 | D:2      | Reached skill level 1 in Fighting
  2369 | D:2      | Reached XP level 5. HP: 21/34 MP: 2/9
  2369 | D:2      | Reached XP level 6. HP: 25/39 MP: 2/10
  3561 | D:3      | Identified the +1 whip of Tytzeos {chaos, rElec Int+4 Dex-3
                  | Stlth+}
  3878 | D:3      | Found a hide-covered altar of Uskayaw.
  3955 | D:3      | Found a bloodstained altar of Trog.
  3965 | D:3      | Reached skill level 5 in Stealth
  4330 | D:3      | Found a shimmering blue altar of Sif Muna.
  4340 | D:3      | Reached skill level 5 in Summonings
  4459 | D:3      | Got Sif Muna's Vellum of Jinxing
  4484 | D:3      | Found a burning altar of Makhleb.
  5159 | D:4      | Reached skill level 1 in Poison Magic
  5159 | D:4      | Reached XP level 7. HP: 15/45 MP: 4/12
  5362 | D:4      | Learned a level 3 spell: Summon Guardian Golem
  5367 | D:4      | Learned a level 4 spell: Summon Lightning Spire
  5384 | D:4      | Found a staircase to the Ecumenical Temple.
  5399 | D:4      | Noticed Robin
  5401 | Temple   | Entered the Ecumenical Temple
  5413 | Temple   | Became a worshipper of Gozag Ym Sagoz the Greedy
  5605 | D:4      | Noticed Edmund
  5927 | D:4      | Killed Edmund
  5981 | D:4      | Reached skill level 1 in Hexes
  5981 | D:4      | Reached skill level 1 in Air Magic
  5994 | D:4      | Killed Robin
  6134 | D:4      | Noticed Duvessa
  6134 | D:4      | Noticed Dowan
  6156 | D:4      | Killed Duvessa
  6157 | D:4      | Reached XP level 8. HP: 16/52 MP: 1/13
  6166 | D:4      | Killed Dowan
  6484 | D:4      | Noticed Blork the orc
  6500 | D:4      | Killed Blork the orc
  6953 | D:5      | Entered Level 5 of the Dungeon
  7661 | D:5      | Slain by an ice beast

Illustrated notes

Levels and vault maps discovered:
D:1:      amcnicky_arrival_double_pillar, layout_loops_ring,
          hellmonk_ecumenical_altar_run_dry
D:2:      layout_loops_corners, basic_altar, chequers_avenue,
          grunt_ministairs_13, uniq_sigmund
D:3:      layout_basic, nzn_overflow_gifts_of_might_and_magic,
          mainiacjoe_overflow_swirl, minmay_misc_feat_more_columns,
          grunt_ministairs_8, small_statue_intersection, minivault_19,
          minmay_misc_feat_columns
D:4:      layout_layer_cave, temple_fountains, uniq_duvessa, uniq_robin,
          uniq_edmund, uniq_blork_the_orc
D:5:      layout_rooms, st_stairs_5
Temple:   hellmonk_temple_two_chambers

Skill      XL: |  1  2  3  4  5  6  7  8 |
---------------+-------------------------+-----
Stealth        | 3 4 5 |  5.0
Fighting       | 1 2 3 |  3.8
Dodging        | 3 4 |  4.9
Spellcasting   | 3 4 |  4.5
Summonings     | 5 |  5.9
Poison Magic   | 1 2 3 |  3.6
Hexes          | 1 2 |  2.7
Air Magic      | 1 2 |  2.6

Action                   |  1- 3 |  4- 6 |  7- 9 || total
-------------------------+-------+-------+-------++-------
Melee: Unarmed           |    51 |     3 |       ||    54
       Constrict         |    12 |    11 |    13 ||    36
       Tentacles         |     9 |    10 |    14 ||    33
       Whip              |       |    41 |    58 ||    99
 Cast: Summon Small Mamm |    31 |    20 |    30 ||    81
       Call Imp          |     5 |     5 |    10 ||    20
       Call Canine Famil |     4 |    16 |    12 ||    32
       Summon Guardian G |       |       |    13 ||    13
  Use: Scroll            |       |    11 |     3 ||    14
       Potion            |       |       |     6 ||     6
 Stab: Sleeping          |     2 |     9 |       ||    11
       Fleeing           |       |       |     1 ||     1
Armor: Skin              |    13 |     1 |     3 ||    17
Dodge: Dodged            |    55 |    23 |    69 ||   147
Block: Other             |       |     2 |    25 ||    27
       Reflection        |       |     1 |       ||     1
